 Dungeon Crawl Stone Soup version 0.26-a0-474-gfaca0e1de5 (webtiles) character file.

Game seed: 4954404618736583809

0 Gargoyl the Skirmisher (level 1, -5/23 HPs)
             Began as a Gnoll Abyssal Knight on July 31, 2020.
             Was a Follower of Lugonu.
             Slain by a spatial maelstrom (7 damage)
             ... on level 1 of the Abyss.
             The game lasted 00:00:42 (59 turns).

Gargoyl the Skirmisher (Gnoll Abyssal Knight)         Turns: 59, Time: 00:00:43

Health: -5/23      AC:  3    Str: 14    XL:     1   Next: 0%
Magic:  3/3        EV: 12    Int: 14    God:    Lugonu [*.....]
Gold:   0          SH:  0    Dex: 14    Spells: 0/0 levels left

rFire    . . .     SeeInvis .   a - +1 hand axe
rCold    . . .     Faith    .   (no shield)
rNeg     . . .     Spirit   .   b - +0 leather armour
rPois    .         Reflect  .   (no helmet)
rElec    .         Harm     .   (no cloak)
rCorr    .                      (no gloves)
MR       .....                  (no boots)
Stlth    +.........             (no amulet)
HPRegen  0.07/turn              (no ring)
MPRegen  0.08/turn              (no ring)

@: no status effects
A: distributed training, fangs 1, strong nose
a: Depart the Abyss, Renounce Religion


You were on level 1 of the Abyss.
You worshipped Lugonu.
Lugonu was aware of your devotion.
You visited 0 branches of the dungeon, and saw 0 of its levels.
You visited the Abyss 1 time.

Inventory:

Hand Weapons
 a - a +1 hand axe (weapon)
Armour
 b - a +0 leather armour (worn)


   Skills:
 + Level 6.4 Fighting
 + Level 0.0 Short Blades
 + Level 0.0 Long Blades
 + Level 4.4 Axes
 + Level 0.0 Maces & Flails
 + Level 0.0 Polearms
 + Level 0.0 Staves
 + Level 0.0 Slings
 + Level 0.0 Bows
 + Level 0.0 Crossbows
 + Level 0.0 Throwing
 + Level 4.4 Armour
 + Level 2.3 Dodging
 + Level 0.0 Stealth
 + Level 0.0 Shields
 + Level 0.0 Unarmed Combat
 + Level 0.0 Spellcasting
 + Level 0.0 Conjurations
 + Level 0.0 Hexes
 + Level 0.0 Summonings
 + Level 0.0 Necromancy
 + Level 0.0 Translocations
 + Level 0.0 Transmutations
 + Level 0.0 Fire Magic
 + Level 0.0 Ice Magic
 + Level 0.0 Air Magic
 + Level 0.0 Earth Magic
 + Level 0.0 Poison Magic
 + Level 4.4 Invocations
 + Level 0.0 Evocations


You couldn't memorise any spells.
You didn't know any spells.
Your spell library was empty.

Dungeon Overview and Level Annotations

Branches:
Dungeon (0/15)

Altars:


Innate Abilities, Weirdness & Mutations

Your experience applies equally to all skills.
You have very sharp teeth.
Your uncanny sense of smell can sniff out nearby items.


Message History

The quasit shimmers and seems to become two!
The rakshasa blinks!
A spatial vortex comes into view.
The quasit bites you. The quasit misses you.
The quasit claws you but does no damage.
A hellion comes into view.
The hellion gives a hideous shriek!
A spatial vortex comes into view.
The quasit completely misses you. The quasit misses you.
The quasit barely misses you.
A spatial vortex comes into view.
The hellion gestures at you.
The sphere of damnation explodes!
The damnation engulfs you!!
Ouch! That really hurt!
* * * LOW HITPOINT WARNING * * *
The damnation engulfs the quasit!!
The quasit dies!
You hear a trumpeting!
The spatial maelstrom hits you!
You die...

.#...# #..... #.#..#
#....# . #....## . ##
#.#2.## #.. ##.
#.5...## #..#...
#.#v.##.##... .##..
##@#......##.......
#...#v....v.......
#..#..#.#.vv.#.#...#
..##..###.###.# # .##
#..#.#.#...5...R5 ...#
...#.....#..#.##......
#..
#..##...#.....5.....
.#. #. .... ##. v . ..
###. ##....#.v.#


You could see a spatial maelstrom and a hellion.

Vanquished Creatures (others)
  A quasit (Abyss:1)
1 creature vanquished.

Notes
Turn   | Place    | Note
-------+----------+-------------------------------------------
     0 | Abyss:1  | Gargoyl the Gnoll Abyssal Knight began the quest for the
                  | Orb.
     0 | Abyss:1  | Reached XP level 1. HP: 23/23 MP: 3/3
    35 | Abyss:1  | Noticed a spatial maelstrom
    36 | Abyss:1  | Noticed a quasit
    36 | Abyss:1  | Noticed a rakshasa
    50 | Abyss:1  | Noticed a spatial vortex
    55 | Abyss:1  | Noticed a hellion
    56 | Abyss:1  | Noticed a spatial vortex
    57 | Abyss:1  | Noticed a spatial vortex
    58 | Abyss:1  | Killed a quasit
    59 | Abyss:1  | Slain by a spatial maelstrom

Illustrated notes

Levels and vault maps discovered:
Abyss:1

Action                   || total
-------------------------++-------
  Use: Potion            ||     1
Armor: Leather armour    ||     1
Dodge: Dodged            ||     4

Table legend: (Time is in decaauts)
 A = Elapsed time spent in this place.
 B = Non-inter-level travel time spent in this place.
 C = Inter-level travel time spent in this place.
 D = Time resting spent in this place.
 E = Time spent auto-exploring this place.
 F = Levels seen in this place.
 G = Mean time per level.
                   A        B        C        D        E       F      G
               +--------+--------+--------+--------+--------+-----+--------+
         Total |     59 |     59 |      0 |      0 |     34 |   1 |   59.0 |
         Abyss |     59 |     59 |      0 |      0 |     34 |   1 |   59.0 |
               +--------+--------+--------+--------+--------+-----+--------+

Top non-repeatable levels by time:
 Abyss:1: 59 daAuts
